 Dungeon Crawl Stone Soup version 0.18-b1-16-g289874d (webtiles) character file.

137 Chiseanne the Magician (level 5, 24/35 HPs)
             Began as a Demonspawn Wizard on May 1, 2016.
             Quit the game on level 3 of the Dungeon.
             The game lasted 00:08:42 (3535 turns).

Chiseanne the Magician (Demonspawn Wizard)          Turns: 3535, Time: 00:08:42

Health: 24/35      AC:  4    Str:  7    XL:     5   Next: 0%
Magic:  2/11       EV: 12    Int: 20    God:
Gold:   209        SH:  0    Dex: 12    Spells: 5 memorised, 1 level left

rFire  + . .     SeeInvis .     i - +0 whip (venom)
rCold  . . .     Gourm    .     a - +0 robe
rNeg   . . .     Faith    .     (no shield)
rPois  .         Spirit   .     b - +0 hat
rElec  .         Dismiss  .     (no cloak)
rCorr  .         Reflect  .     (no gloves)
SustAt .         Harm     .     l - +1 pair of boots
MR     .....                    (no amulet)
Stlth  ++........               (no ring)
                                (no ring)

@: very slightly contaminated, repel missiles, not resistant to hostile
enchantments, unstealthy
A: talons 2, fire resistance 1, powered by pain 1
a: no special abilities


You were on level 3 of the Dungeon.
You were hungry.

You visited 1 branch of the dungeon, and saw 3 of its levels.

You collected 209 gold pieces.

Inventory:

Hand Weapons
 i - a +0 whip of venom (weapon)
Missiles
 g - 53 stones (quivered)
 k - 38 arrows
 m - 54 bolts
 n - a throwing net
 s - 4 tomahawks of dispersal
Armour
 a - a +0 robe (worn)
 b - a +0 hat (worn)
 l - a +1 pair of boots (worn)
Jewellery
 h - an uncursed ring of fire
Potions
 e - 2 potions of agility
 f - a potion of lignification
 j - 2 potions of ambrosia
 q - 2 potions of haste
 r - a potion of heal wounds
Books
 c - a book of Minor Magic

   Spells                             Type                      Level
   a - Magic Dart                     Conjuration                  1
   b - Blink                          Translocation                2
   c - Call Imp                       Summoning                    2
   d - Repel Missiles                 Charms/Air                   2
   e - Slow                           Hexes                        2
   f - Conjure Flame                  Conjuration/Fire             3
   g - Mephitic Cloud                 Conjuration/Poison/Air       3
Comestibles
 d - a bread ration
 o - 6 chunks of flesh
 t - a meat ration


   Skills:
 - Level 1.7 Dodging
 - Level 1.7 Stealth
 * Level 4.4 Spellcasting
 * Level 3.3 Conjurations
   Level 1.0 Summonings
 - Level 0.8 Translocations


You had one spell level left.
You knew the following spells:

 Your Spells              Type           Power        Failure   Level  Hunger
a - Magic Dart            Conj           ###.         3%          1    None
b - Blink                 Tloc           N/A          17%         2    #......
c - Repel Missiles        Chrm/Air       #.....       21%         2    #......
d - Mephitic Cloud        Conj/Pois/Air  #.......     24%         3    ###....
e - Conjure Flame         Conj/Fire      ##......     21%         3    ###....


Dungeon Overview and Level Annotations

Branches:
Dungeon (3/15)

Altars:
Cheibriados
Makhleb
Trog


Innate Abilities, Weirdness & Mutations

You have razor-sharp toenails.
Your flesh is heat resistant.
You sometimes gain a little power by taking damage.


Message History

You aren't carrying any items that you can evoke.
Unknown command.
You barely miss the worm. You hit the worm.
The worm is poisoned.
The worm is lightly wounded.
You are feeling hungry.
The worm closely misses you.
You hit the worm.
The worm looks even sicker.
The worm is heavily wounded.
The worm bites you!
You hit the worm.
The worm is almost dead.
You kill the worm!
You have reached level 5!
Your demonic ancestry asserts itself...
You feel energised by your suffering.
You see here a worm corpse.
You butcher the worm corpse.
o - 6 chunks of flesh (gained 1) Are you sure you want to abandon this character and quit the game? (Confirm with "yes".)

############
##...........
#....@## ###.#.#.#.#
... #...######. ####
#.#####........ ..#
...#.=...##.#. #.####
#.#..##..._..###.##.#
#........#.#.......#>
##..###### #.##.#.###
#..# .. #.[## #


There were no monsters in sight!

Vanquished Creatures
  4 gnolls
  2 adders (D:2)
  2 worms
  2 dart slugs
  2 giant geckos (D:2)
  3 orcs (D:3)
  2 ball pythons
  9 bats
  4 giant cockroaches
  10 goblins
  5 hobgoblins
  4 jackals (D:2)
  4 kobolds
  4 giant newts
  8 rats
65 creatures vanquished.

Notes
Turn   | Place    | Note
--------------------------------------------------------------
     0 | D:1      | Chiseanne the Demonspawn Wizard began the quest for the Orb.
     0 | D:1      | Reached XP level 1. HP: 13/13 MP: 4/4
   336 | D:1      | Gained mutation: Your flesh is heat resistant. [demonic ancestry]
   336 | D:1      | Reached XP level 2. HP: 19/19 MP: 3/6
  1138 | D:1      | Learned a level 2 spell: Blink
  1141 | D:1      | Learned a level 2 spell: Repel Missiles
  1368 | D:2      | Found a snail-covered altar of Cheibriados.
  1421 | D:2      | Gained mutation: You have sharp toenails. [demonic ancestry]
  1421 | D:2      | Reached XP level 3. HP: 24/24 MP: 1/8
  2085 | D:2      | Found a burning altar of Makhleb.
  2402 | D:2      | Reached skill level 4 in Spellcasting
  2454 | D:2      | Gained mutation: You have razor-sharp toenails. [demonic ancestry]
  2454 | D:2      | Reached XP level 4. HP: 23/30 MP: 1/10
  2841 | D:3      | Learned a level 3 spell: Mephitic Cloud
  2845 | D:3      | Learned a level 3 spell: Conjure Flame
  2889 | D:3      | Found a bloodstained altar of Trog.
  3531 | D:3      | Gained mutation: You sometimes gain a little power by taking damage. [demonic ancestry]
  3531 | D:3      | Reached XP level 5. HP: 24/35 MP: 1/11
  3535 | D:3      | Quit the game

Skill      XL: |  1  2  3  4 |
---------------+-------------+-----
Conjurations   | 2 3 |  3.3
Spellcasting   | 4 |  4.4
Dodging        | |  1.7
Stealth        | |  1.7
Summonings     | |  1.0
Translocations | |  0.8

Action                   |  1- 3 |  4- 6 || total
-------------------------+-------+-------++-------
Melee: Whip              |     9 |    52 ||    61
 Cast: Magic Dart        |   107 |    17 ||   124
       Repel Missiles    |     1 |       ||     1
       Conjure Flame     |       |     3 ||     3
       Mephitic Cloud    |       |     3 ||     3
  Use: Scroll            |     9 |     4 ||    13
 Stab: Sleeping          |       |     1 ||     1
  Eat: Chunk             |     4 |     4 ||     8
Armor: Robe              |     9 |     5 ||    14
Dodge: Dodged            |    24 |    29 ||    53
       Deflected         |     1 |       ||     1
